 Dungeon Crawl Stone Soup version 0.29.1-2-gbd0b4ee654 (webtiles) character file.

Game seed: 6033174033635498654

189 Lutefisk the Insei (level 5, -4/37 HPs)
             Began as an Octopode Transmuter on Nov 12, 2022.
             Killed from afar by an orc wizard (8 damage)
             ... with a magic dart
             ... on level 3 of the Dungeon.
             The game lasted 00:09:44 (3142 turns).

Lutefisk the Insei (Octopode Transmuter)            Turns: 3142, Time: 00:09:45

Health: -4/37      AC:  1    Str:  9    XL:     5   Next: 68%
Magic:  5/8        EV: 13    Int: 16    God:
Gold:   84         SH:  3    Dex: 14    Spells: 2/8 levels left

rFire   . . .      SeeInvis .     - Unarmed
rCold   . . .      Faith    .   o - +0 buckler
rNeg    . . .      Spirit   .   (helmet restricted)
rPois   .          Reflect  .   (no amulet)
rElec   .          Harm     .   (no ring)
rCorr   .          Rampage  .   (no ring)
Will    .....                   (no ring)
Stlth   +++.......              (no ring)
HPRegen 0.12/turn               (no ring)
MPRegen 0.11/turn               (no ring)
                                (no ring)
                                (no ring)

@: hasted, very quick
A: almost no armour, amphibious, 8 rings, camouflage 1, gelatinous body 1,
(nimble swimmer 1), tentacles
a: no special abilities


You were on level 3 of the Dungeon.
You visited 1 branch of the dungeon, and saw 4 of its levels.

You collected 84 gold pieces.

Inventory:

Missiles
 q - 6 boomerangs
Armour
 o - a +0 buckler (worn)
Scrolls
 b - a scroll of vulnerability {unknown}
 d - 2 scrolls of amnesia {unknown}
 g - a scroll of summoning {unknown}
 h - a scroll of blinking {unknown}
 j - 2 scrolls of identify {unknown}
 m - a scroll of teleportation {unknown}
 n - a scroll of fear {unknown}
 p - a scroll of brand weapon {unknown}
Potions
 a - a potion of lignification
 c - a potion of might {unknown}
 e - 2 potions of heal wounds {unknown}
 f - 2 potions of mutation {unknown}
 i - 2 potions of haste
 l - a potion of flight {unknown}


   Skills:
 * Level 3.9 Fighting
 - Level 2.0 Dodging
 - Level 2.0 Stealth
 - Level 4.0 Unarmed Combat
 - Level 2.0 Spellcasting
 - Level 2.0 Transmutations
 - Level 2.0 Poison Magic


You had 2 spell levels left.
You knew the following spells:

 Your Spells              Type           Power      Damage    Failure   Level
a - Beastly Appendage     Tmut           16%        N/A       12%         1
b - Wereblood             Tmut           8%         N/A       19%         2
c - Spider Form           Tmut/Pois      8%         N/A       36%         3

Your spell library contained the following spells:

 Spells                   Type           Power      Damage    Failure   Level
 Olgreb's Toxic Radiance  Pois           8%         N/A       77%         4
 Ice Form                 Ice/Tmut       4%         N/A       88%         4
 Ozocubu's Refrigeration  Ice            0%         4d7       100%        7
 Ignition                 Fire           0%         3d3       100%        8


Dungeon Overview and Level Annotations

Branches:
Dungeon (4/15)
 Temple: D:4-7

Altars:


Innate Abilities, Weirdness & Mutations

You cannot wear most types of armour.
You are amphibious.
You can wear up to eight rings at the same time.
Your skin changes colour to match your surroundings (Stealth+).
Your rubbery body absorbs attacks. (AC +1, EV +1)
((You are camouflaged when in or above water. (Stealth+)))
You have tentacles for arms and can constrict up to eight enemies at once.


Message History

Items here: ))) [[ ††.
You barely miss something. Something hits you.
You bump into the rock wall.
Something hits you.
You tentacle-slap something but do no damage.
Something hits you.
You bump into the rock wall.
Something completely misses you.
You bump into the rock wall.
Something hits you.
It was a potion of curing.
You feel better. Something hits you.
You barely miss something. Your squeeze misses something. Something hits you.
You barely miss something.
You hear some strange, mumbled words.
Something tries to affect you, but you resist.
You tentacle-slap something but do no damage.
Something hits you.
You barely miss something.
You hear some strange, mumbled words.
A puff of flame appears from out of thin air!
The puff of flame misses you.
You barely miss something. You block something's attack.
You barely miss something. Something hits you.
You barely miss something.
You hear some strange, mumbled words.
You are confused.
You're too confused to move!
Something hits you.
You feel better.
You hear some strange, mumbled words.
A magic dart appears from out of thin air!
The magic dart hits you.
You closely miss something. Something hits you.
* * * LOW HITPOINT WARNING * * *
You block something's attack.
An orc wizard appears from thin air!
Reactivating autopickup.
The orc wizard points at you and mumbles some strange words.
The puff of flame hits you!
* * * LOW HITPOINT WARNING * * *
It was a potion of haste.
You feel yourself speed up.
The orc wizard gestures at you while chanting.
The magic dart hits you!
You die...

###.##......#
#.###)..# #.....#.#
#####...# ##.## #o#
#o# ##.# ##@.#
#...# #...# #...#
##### ###.#
##...########.#
##.##.......##.# #
#.......# #.##>#
##.#..##)#.###.##.#


You could see an orc wizard and an orc.

Vanquished Creatures
  Jessica (D:2)
  An orc wizard (D:3)
  Robin (D:2)
  4 adders (D:2)
  A worm (D:2)
  A dart slug (D:4)
  9 orcs
  4 ball pythons
  9 endoplasms
  2 giant cockroaches (D:2)
  13 goblins
  7 hobgoblins
  4 jackals (D:2)
  6 kobolds
  3 bats
  4 frilled lizards
  3 rats
73 creatures vanquished.

Vanquished Creatures (others)
  3 plants (D:1)
3 creatures vanquished.

Grand Total: 76 creatures vanquished

Notes
Turn   | Place    | Note
-------+----------+-------------------------------------------
     0 | D:1      | Lutefisk the Octopode Transmuter began the quest for the
                  | Orb.
     0 | D:1      | Reached XP level 1. HP: 13/13 MP: 3/3
   433 | D:1      | Reached XP level 2. HP: 1/18 MP: 3/5
  1136 | D:2      | Reached XP level 3. HP: 16/24 MP: 6/6
  1297 | D:2      | Noticed Jessica
  1313 | D:1      | Learned a level 2 spell: Wereblood
  1317 | D:1      | Learned a level 3 spell: Spider Form
  1381 | D:2      | Killed Jessica
  1382 | D:2      | Reached skill level 4 in Unarmed Combat
  1382 | D:2      | Reached XP level 4. HP: 30/30 MP: 3/7
  1503 | D:2      | Reached skill level 1 in Poison Magic
  2028 | D:2      | Noticed Robin
  2036 | D:2      | Reached skill level 1 in Stealth
  2217 | D:2      | Killed Robin
  2218 | D:2      | Reached XP level 5. HP: 30/34 MP: 2/8
  3142 | D:3      | Killed from afar by an orc wizard

Illustrated notes

Levels and vault maps discovered:
D:1:      matt_arrival_los_fun, layout_basic, serial_aquarium,
          aquarium_bridge_long_separate [aquarium_subvault_wall,
          aquarium_subvault_wall, aquarium_subvault_bridge,
          aquarium_subvault_bridge, aquarium_subvault_bridge,
          aquarium_subvault_bridge], aquarium_window_fake, aquarium_window_2,
          aquarium_view_2a, serial_bayou_lake_a
D:2:      layout_rooms, chequers_serial_rivers_large_a, uniq_robin, uniq_jessica
D:3:      layout_loops_cross, minmay_puff, uniq_sigmund
D:4:      layout_basic, minmay_diced_spiral

Skill      XL: |  1  2  3  4 |
---------------+-------------+-----
Fighting       | 2 3 |  3.9
Unarmed Combat | 4 |  4.0
Poison Magic   | 2 |  2.0
Stealth        | 2 |  2.0
Dodging        | |  2.0
Spellcasting   | |  2.0
Transmutations | |  2.0

Action                   |  1- 3 |  4- 6 || total
-------------------------+-------+-------++-------
Melee: Unarmed           |    50 |   146 ||   196
       Constrict         |    10 |    29 ||    39
       Kick              |     6 |    16 ||    22
       Tentacles         |     6 |    17 ||    23
       Punch             |       |     5 ||     5
 Cast: Beastly Appendage |     9 |    11 ||    20
       Spider Form       |     1 |     4 ||     5
       Wereblood         |       |     2 ||     2
  Use: Potion            |       |     3 ||     3
 Stab: Sleeping          |     3 |     8 ||    11
Armor: Skin              |     2 |    13 ||    15
Dodge: Dodged            |    20 |    48 ||    68
Block: Buckler           |       |     3 ||     3
